 Dungeon Crawl Stone Soup version 0.32-a0-876-gcfddb08e57 (webtiles) character file.

Game seed: 10438041501797381334

430258 GrimJard the Earth Mage (level 22, -1/202 HPs)
             Began as a Grey Draconian Conjurer on Mar 29, 2024.
             Was the Champion of Vehumet.
             Slain by a +3 halberd of venom (10 damage)
             ... animated by Zenata
             ... on level 1 of the Crypt on Apr 1, 2024.
             The game lasted 06:20:47 (82889 turns).

GrimJard the Earth Mage (Grey Draconian Conjurer)  Turns: 82889, Time: 06:20:48

Health: -1/202     AC: 25    Str: 12    XL:     22   Next: 82%
Magic:  5/50       EV: 15    Int: 28    God:    Vehumet [******]
Gold:   588        SH: 15    Dex: 11    Spells: 2/59 levels left

rFire   + + .        b - staff of earth
rCold   + . .        M - +5 kite shield
rNeg    + + .        (body armour unavailable)
rPois   +            n - +0 hat of Hide-and-Seek {+Blink rElec rN+}
rElec   +            F - +2 cloak {rCorr}
rCorr   +            k - +1 pair of gloves of Fobah {rN+ Will+ Dex+2}
SInv    .            S - +3 pair of boots of Magic {rPois Will- Regen+ Slay+3}
Will    +....        D - amulet of magic regeneration
Stlth   ++++++       r - ring of Zulayq {Wiz +Blink rPois rF+ rC+}
HPRegen 1.33/turn    s - ring of protection from fire
MPRegen 0.72/turn

%: wizardry (x1)
@: studying 4 skills
A: mud breath, mud-swimmer, AC +16, amphibious, unfitting armour, cold-blooded,
high MP 1, subdued magic 1
}: 2/15 runes: decaying, serpentine
a: Mud Breath, Renounce Religion, Evoke Blink


You were on level 1 of the Crypt.
You worshipped Vehumet.
Vehumet was exalted by your worship.
You visited 10 branches of the dungeon, and saw 43 of its levels.

You collected 5588 gold pieces.
You spent 5000 gold pieces at shops.

Inventory:

Hand Weapons
 a - a +9 dagger of chaos
Missiles
 V - a throwing net
Armour
 k - the +1 pair of gloves of Fobah (worn) {rN+ Will+ Dex+2}
   (You bought it in a shop on level 2 of the Elven Halls)

   Dex+2:     It affects your dexterity (+2).
   rN+:       It protects you from negative energy.
   Will+:     It increases your willpower.
 n - the +0 hat of Hide-and-Seek (worn) {+Blink rElec rN+}
   (You found it on level 3 of the Vaults)

   rElec:     It insulates you from electricity.
   rN+:       It protects you from negative energy.
   +Blink:    It lets you blink.
 F - a +2 cloak of preservation (worn)
 M - a +5 kite shield (worn)
 S - the +3 pair of boots of Magic (worn) {rPois Will- Regen+ Slay+3}
   (You bought it in a shop on level 2 of the Orcish Mines)

   Slay+3:    It affects your accuracy & damage with ranged weapons and melee
   (+3).
   rPois:     It protects you from poison.
   Will-:     It decreases your willpower.
   Regen+:    It increases your rate of health regeneration.
Magical Staves
 b - a staff of earth (weapon)
Jewellery
 c - a ring of protection from cold
 j - the ring "Beilamuo" {Ice Int+3}
   (You took it off Josephina on level 1 of the Crypt)

   [ring of ice]

   Ice:       It enhances your ice magic.
   Int+3:     It affects your intelligence (+3).
   rF-:       It makes you vulnerable to fire.
   rC+:       It protects you from cold.
 r - the ring of Zulayq (left hand) {Wiz +Blink rPois rF+ rC+}
   (You acquired it on level 4 of the Dungeon)

   [ring of wizardry]

   Wiz:       It improves your spell success rate.
   rF+:       It protects you from fire.
   rC+:       It protects you from cold.
   rPois:     It protects you from poison.
   +Blink:    It lets you blink.
 s - a ring of protection from fire (right hand)
 u - a ring of willpower
 x - a ring of see invisible
 D - an amulet of magic regeneration (around neck)
 N - a ring of magical power
 P - a ring of wizardry
 T - a ring of positive energy
 U - the ring "Qoyducir" {Fly rN++}
   (You took it off a deep elf master archer on level 3 of the Elven Halls)

   [ring of flight]

   rN++:      It greatly protects you from negative energy.
   Fly:       It grants you flight.
 W - a ring of resist corrosion
Wands
 h - a wand of warping (54)
 i - a wand of polymorph (22)
 l - a wand of charming (44)
 E - a wand of flame (63)
 H - a wand of quicksilver (15)
 K - a wand of mindburst (16)
 O - a wand of digging (11)
Scrolls
 p - 5 scrolls of fog
 v - 4 scrolls of fear
 z - 13 scrolls of teleportation
 J - 9 scrolls of vulnerability
 L - 7 scrolls of poison
 Q - a scroll of acquirement
 R - 10 scrolls of immolation
 Y - 6 scrolls of revelation
Potions
 d - 5 potions of enlightenment
 e - 3 potions of berserk rage
 f - 7 potions of curing
 g - 2 potions of lignification
 m - a potion of magic
 o - a potion of haste
 q - 3 potions of brilliance
 t - 4 potions of resistance
 w - 3 potions of invisibility
 A - 6 potions of cancellation
 G - 5 potions of mutation
 I - 4 potions of attraction
 X - 4 potions of might
 Z - 2 potions of ambrosia


   Skills:
 + Level 18.3 Fighting
 + Level 14.5 Dodging
 + Level 15.4 Stealth
 - Level 10.0 Shields
 * Level 19.4 Spellcasting
 - Level 11.7 Conjurations
 - Level 7.1 Translocations
 - Level 2.3 Air Magic
 + Level 20.4 Earth Magic
 - Level 9.0 Alchemy
 - Level 9.8 Evocations


You had 2 spell levels left.
You knew the following spells:

 Your Spells              Type           Power      Damage    Failure   Level
a - Iskenderun's Battles  Conj           63%        2d11      1%          5
b - Shatter               Erth           52%        3d39*     9%          9
c - Fulminant Prism       Conj/Alch      30%        3d15      1%          4
d - Iskenderun's Mystic   Conj/Tloc      57%        2d12      (+2d61%     4
e - Passwall              Erth           100%       N/A       0%          3
f - Apportation           Tloc           100%       N/A       1%          1
g - Lee's Rapid Deconstr  Erth           52%        3d24*     0%          5
h - Lehudib's Crystal Sp  Conj/Erth      47%        10d11     3%          8
i - Irradiate             Conj/Alch      30%        3d21      1%          5
j - Yara's Violent Unrav  Hex/Alch       20%        3d9       1%          5
k - Mercury Vapours       Alch/Air       90%        N/A       1%          2
l - Bombard               Conj/Erth      47%        9d8       1%          6

Your spell library contained the following spells:

 Spells                   Type           Power      Damage    Failure   Level
 Ignition                 Fire           10%        3d5       99%         8
 Magic Dart               Conj           100%       1d8       0%          1
 Sandblast                Erth           100%       2d20      0%          1
 Sting                    Conj/Alch      100%       1d9       0%          1
 Searing Ray              Conj           100%       2d8       0%          2
 Kiss of Death            Conj/Necr      100%       2d13      1%          1
 Necrotise                Necr           80%        1d8       1%          1
 Shock                    Conj/Air       100%       1d9       1%          1
 Summon Small Mammal      Summ           80%        N/A       1%          1
 Call Imp                 Summ           40%        N/A       1%          2
 Cigotuvi's Dreadful Rot  Necr/Alch/Air  74%        N/A       1%          2
 Ensorcelled Hibernation  Hex/Ice        40%        N/A       1%          2
 Jinxbite                 Hex            40%        N/A       1%          2
 Scorch                   Fire           40%        2d6       1%          2
 Static Discharge         Conj/Air       100%       3-8/arc   1%          2
 Sublimation of Blood     Necr           20%        N/A       1%          2
 Stone Arrow              Conj/Erth      100%       3d13      0%          3
 Brom's Barrelling Bould  Conj/Erth      94%        2d10      0%          4
 Hailstorm                Conj/Ice       46%        3d10      1%          3
 Inner Flame              Hex/Fire       20%        N/A       1%          3
 Mephitic Cloud           Conj/Alch/Air  52%        N/A       1%          3
 Swiftness                Air            31%        N/A       1%          3
 Volatile Blastmotes      Fire/Tloc      72%        2d16      1%          3
 Airstrike                Air            15%        2d(3-19)  1%          4
 Flame Wave               Conj/Fire      46%        2d12      1%          4
 Ignite Poison            Fire/Alch      40%        N/A       1%          4
 Olgreb's Toxic Radiance  Alch           56%        N/A       1%          4
 Sticky Flame             Fire/Alch      40%        2d8       1%          4
 Borgnjor's Vile Clutch   Necr/Erth      38%        N/A       1%          5
 Fireball                 Conj/Fire      23%        3d11      1%          5
 Freezing Cloud           Conj/Ice/Air   20%        6-21      1%          5
 Eringya's Noxious Bog    Alch           28%        4d6       1%          6
 Orb of Destruction       Conj           31%        9d10      2%          7
 Conjure Ball Lightning   Conj/Air       25%        3x3d7     3%          6
 Call Canine Familiar     Summ           20%        N/A       4%          3
 Sigil of Binding         Hex            20%        N/A       4%          3
 Summon Ice Beast         Ice/Summ       20%        N/A       4%          3
 Vampiric Draining        Necr           20%        2d7       4%          3
 Summon Lightning Spire   Summ/Air       26%        N/A       9%          4
 Summon Forest            Summ/Tloc      18%        N/A       9%          5
 Animate Dead             Necr           20%        N/A       13%         4
 Cause Fear               Hex            10%        N/A       13%         4
 Dispel Undead            Necr           20%        3d11      13%         4
 Martyr's Knell           Necr/Summ      20%        N/A       13%         4
 Summon Blazeheart Golem  Fire/Summ      20%        N/A       13%         4
 Spellforged Servitor     Conj/Summ      23%        N/A       26%         7
 Plasma Beam              Fire/Air       13%        2x1d24    30%         6
 Sculpt Simulacrum        Ice/Alch       20%        N/A       32%         6
 Curse of Agony           Necr           20%        N/A       36%         5
 Summon Mana Viper        Hex/Summ       20%        N/A       36%         5
 Death Channel            Necr           10%        N/A       89%         6
 Summon Cactus Giant      Summ           10%        N/A       89%         6
 Ozocubu's Refrigeration  Ice            10%        4d9       90%         7
 Maxwell's Capacitive Co  Air            15%        ∞         99%         8
 Chain Lightning          Conj/Air       25%        3d33      99%         9
 Fire Storm               Conj/Fire      23%        8d6       99%         9
 Polar Vortex             Ice            10%        12d1*     99%         9
 Enfeeble                 Hex            10%        N/A       100%        7
 Haunt                    Necr/Summ      10%        N/A       100%        7
 Monstrous Menagerie      Summ           10%        N/A       100%        7
 Summon Hydra             Summ           10%        N/A       100%        7
 Dragon's Call            Summ           10%        N/A       100%        9


Dungeon Overview and Level Annotations

Branches:
Dungeon (15/15)            Temple (1/1) D:7            Lair (5/5) D:9
  Swamp (4/4) Lair:2        Snake (4/4) Lair:2        Slime (0/5) Lair:5
    Orc (2/2) D:10            Elf (3/3) Orc:2        Vaults (4/5) D:13
  Crypt (1/3) Vaults:2     Depths (4/4) D:15            Zot (0/5) Depths:4

Altars:
Ashenzari
Cheibriados
Dithmenos
Elyvilon
Fedhas
Gozag
Hepliaklqana
Kikubaaqudgha
Makhleb
Nemelex Xobeh
Okawaru
Qazlal
Ru
Sif Muna
Trog
Uskayaw
Vehumet
Wu Jian
Xom
Yredelemnul
Zin
The Shining One
Jiyva
Lugonu

Shops:
D:4 ?   D:10 :   D:12 =*[   Orc:1 :   Orc:2 [[:*   Elf:2 [*[[**   Snake:2 (
Snake:4 *(   Vaults:1 [   Vaults:3 [   Depths:4 *

Portals:
Hell: Depths:1 Depths:2 Depths:3 Depths:4
Abyss: D:8 Lair:5 Depths:1 Depths:3
Pandemonium: Depths:2
Ziggurat: Depths:4
Trove: D:10 (show abyssal rune of Zot)

Annotations:
D:8 1 transporter
Crypt:1 3 runed translucent doors, Nofozin's ghost, veteran FoFi; Zenata


Innate Abilities, Weirdness & Mutations

You can breathe torrents of mud.
You are unimpeded by mud.
Your dull iron-grey scales are very hard. (AC +16)
You are amphibious.
You cannot fit into any form of body armour.
You are cold-blooded and may be slowed by cold attacks.
You have an increased reservoir of magic. (+10% MP)
Your spells are a little easier to cast, but a little less powerful.


Message History

Zenata casts a spell at you.
A blast of power from the earth and the +0 heavy hand axe strikes you!
You block the +0 heavy hand axe's attack.
The +0 heavy hand axe attacks as it pursues you!
The +0 heavy hand axe closely misses you.
Zenata points at you and mumbles some strange words.
A blast of power from the earth and the +0 heavy hand axe strikes you!
* * * LOW HITPOINT WARNING * * *
Casting: Bombard (safe; 1% risk of failure)
Confirm with . or Enter, or press ? or * to list all spells.
You erupt in a blast of force!
The mystic blast hits the +0 heavy hand axe.
The +0 heavy hand axe is lightly damaged.
The +0 heavy hand axe is knocked back by the mystic blast.
Zenata looks more healthy.
Zenata sends weapons flying into battle!
Okay, then.
The +3 halberd of venom attacks as it pursues you!
You block the +3 halberd of venom's attack.
The +3 halberd of venom hits you from afar!
* * * LOW HITPOINT WARNING * * *
You block the +0 heavy hand axe's attack.
The +3 halberd of venom hits you but does no damage.
The +1 hand axe of freezing hits you but does no damage.
The +0 heavy hand axe misses you.
The +3 halberd of venom hits you from afar.
* * * LOW HITPOINT WARNING * * *
You block the +1 hand axe of freezing's attack.
You block the +0 heavy hand axe's attack.
The +3 halberd of venom hits you from afar!!
* * * LOW HITPOINT WARNING * * *
You are lethally poisoned!
The +1 hand axe of freezing hits you!
* * * LOW HITPOINT WARNING * * *
You feel better.
The +1 hand axe of freezing hits you but does no damage.
The +3 halberd of venom misses you.
The +0 heavy hand axe closely misses you.
The +3 halberd of venom hits you from afar!
You die...

##############################
...................~~~~.......
................(.a~~~~......##
#...............((##~######...
#...............((##...####..#
#......######...@.##.....##..#
#......# +.....#......##..#
#......# #.....##......#..#
.......# #.....#.....|....#
#......#### #.....##..##.....#
#.................#######.#..#
.............................#
.............................#
............ ............#


You could see Zenata (struggling) and 5 dancing weapons.

Vanquished Creatures
  Frederick (Crypt:1)
  Sojobo (Vaults:4)
  Josephina (Crypt:1)
  Saint Roka (Depths:2)
  A caustic shrike (Depths:3)
  2 golden dragons
  The ghost of Twiddyhohoho the Acrobat, a veteran KoBr of Dithmenos (Elf:1)
  Nikola (Swamp:1)
  The ghost of Turgor the Scorcher, an adept DsFE of Vehumet (Vaults:2)
  Rupert (Lair:3)
  A walking crystal tome (Depths:3)
  A tentacled monstrosity (Depths:3)
  The ghost of Poiheutza the Warrior, an adept CoHu of Hepliaklqana (Snake:3)
  2 deep elf master archers (Elf:3)
  A walking divine tome (Depths:3)
  A lich (Vaults:3)
  A walking frostbound tome (Depths:3)
  2 deep elf blademasters (Elf:3)
  4 sphinxes
  An ancient champion (Crypt:1)
  Frances (D:12)
  2 storm dragons
  Aizul (Snake:1)
  2 shadow dragons (Depths:4)
  Agnes (D:14)
  Roxanne (Snake:3)
  3 thorn hunters
  6 tengu reavers
  A revenant (Vaults:2)
  8 nagarajas (Snake:4)
  2 draconian monks (Depths:4)
  4 fire giants
  7 vault wardens
  7 frost giants
  6 deep elf sorcerers
  8 deep elf elementalists
  6 ghouls
  Louise (Snake:2)
  5 orc warlords
  2 curse skulls
  A draconian stormcaller (Depths:4)
  8 ironbound preservers
  9 very ugly things
  2 formless jellyfish
  4 vampire knights
  3 spriggan defenders
  2 ironbound thunderhulks (Vaults:2)
  8 stone giants
  7 deep elf demonologists (Elf:3)
  3 eleionomae
  2 black draconians (Depths:4)
  3 deep elf death magi (Elf:3)
  7 bunyips
  A green draconian (Depths:4)
  A war gargoyle (Vaults:4)
  4 deep elf annihilators
  A red draconian (Depths:4)
  3 spark wasps (Depths:3)
  17 dire elephants
  An eidolon (Crypt:1)
  A green death (Depths:2)
  2 jiangshi (Depths:4)
  21 fire dragons
  2 entropy weavers (Vaults:3)
  3 yaktaur captains
  11 ettins
  Fannar (D:10)
  8 ice dragons
  A ghost crab (Swamp:3)
  4 deep elf high priests
  6 great orbs of eyes
  7 rakshasas
  15 hydras
  5 spriggan air magi
  2 salamander tyrants
  2 ogre magi
  2 vault guards
  The ghost of MagicSucks the Cleaver, a novice NaRe of Okawaru (D:8)
  9 centaur warriors
  Erica (Lair:1)
  7 alligators
  7 ironbound frosthearts
  7 boulder beetles
  32 dancing weapons
  8 two-headed ogres
  10 anacondas
  A death knight (Crypt:1)
  2 two-headed ogres (shapeshifter) (Depths:3)
  8 deep troll earth magi
  8 deep troll shamans
  10 tengu warriors
  A death yak (D:10)
  4 vampire magi
  Urug (Lair:4)
  8 orc high priests
  3 thrashing horrors (Lair:5)
  4 occultists
  15 naga warriors
  6 shock serpents
  6 spriggan berserkers
  14 deep elf knights
  6 naga sharpshooters
  2 hell knights (D:15)
  Sonja (D:10)
  2 sixfirhies (Depths:2)
  7 skeletal warriors
  4 skysharks
  2 goliath frogs
  A shadow wraith (Vaults:2)
  6 iron trolls
  2 flayed ghosts
  An iron giant zombie (Crypt:1)
  3 glowing orange brains
  4 salamander mystics
  An obsidian statue (Snake:3)
  A glowing orange brain (shapeshifter) (Vaults:4)
  A quicksilver dragon simulacrum (Crypt:1)
  6 mana vipers
  7 naga ritualists
  33 deep trolls
  A tengu zombie (Vaults:3)
  8 phantasmal warriors
  10 arcanists
  3 spriggan druids
  13 swamp dragons
  3 bog bodies
  10 deep elf archers
  13 ironbound convokers
  An obsidian bat (Orc:2)
  A harpy (shapeshifter) (D:14)
  3 thermic dynamos
  5 necromancers
  15 orc knights
  25 deep elf pyromancers
  25 deep elf zephyrmancers
  11 orc sorcerers
  6 lindwurms
  A frost giant zombie (Vaults:4)
  A fire giant zombie (Vaults:2)
  6 cyclopes
  32 ugly things
  A shining eye (shapeshifter) (Depths:3)
  2 elf skeletons (Vaults:2)
  3 manticores
  9 will-o-the-wisps
  11 salamanders
  Maurice (D:7)
  2 toenail golems (D:8)
  11 guardian serpents
  3 large abominations (Lair:5)
  A human skeleton (Vaults:4)
  3 meliai (D:13)
  Joseph (D:7)
  7 vault sentinels
  A molten gargoyle (Swamp:4)
  4 smoke demons (Lair:5)
  33 black mambas
  4 kobold blastminers (Orc:2)
  A black mamba (shapeshifter) (Lair:5)
  16 naga magi
  A torpor snail (Lair:5)
  A gargoyle (D:14)
  Maggie (D:7)
  14 cane toads
  2 rime drakes
  9 komodo dragons
  A dire elephant skeleton (Crypt:1)
  An unseen horror (shapeshifter) (Lair:5)
  3 unseen horrors
  24 yaktaurs
  5 tengu conjurers
  3 freezing wraiths
  2 bloated husks
  5 polar bears
  11 tyrant leeches
  7 trolls
  An ettin zombie (Vaults:3)
  A tarantella (shapeshifter) (Depths:4)
  2 raiju (Lair:5)
  7 hornets
  34 blink frogs
  A dream sheep (shapeshifter) (Vaults:3)
  6 dream sheep (Lair:5)
  A frost giant simulacrum (Vaults:4)
  A guardian serpent skeleton (Crypt:1)
  32 slime creatures
  4 air elementals
  A shadow (D:10)
  A centaur simulacrum (D:10)
  A dire elephant simulacrum (Crypt:1)
  7 wraiths
  A ynoxinul (Lair:5)
  5 water elementals
  A vampire (D:9)
  9 spriggans
  5 wyverns
  8 basilisks
  39 yaks
  3 steam dragons
  2 wargs
  3 fire bats (Swamp:4)
  A glowing shapeshifter zombie (Vaults:2)
  A human simulacrum (Vaults:2)
  3 redbacks (Vaults:3)
  Menkaure (D:6)
  A chaos spawn (Lair:5)
  A harpy simulacrum (Crypt:1)
  16 vampire mosquitoes
  11 swamp worms
  42 nagas
  2 acid dragons
  22 water moccasins
  14 orc warriors
  2 glowing shapeshifter skeletons
  14 laughing skulls
  11 swamp drakes
  An ettin simulacrum (Crypt:1)
  5 black bears
  5 ice beasts
  9 ogres
  17 wolves
  A boggart (Vaults:2)
  9 centaurs
  3 kobold brigands
  8 bullfrogs
  3 human zombies
  A scorpion (D:6)
  An ogre simulacrum (Vaults:2)
  2 gnoll sergeants
  An earth elemental (Elf:2)
  11 small abominations
  11 wights
  9 killer bees (D:7)
  4 electric eels
  A spriggan skeleton (Crypt:1)
  4 howler monkeys
  A bombardier beetle (D:2)
  3 jellies
  A lava snake (Swamp:4)
  14 orc priests
  Crazy Yiuf (D:6)
  7 hounds
  A sleepcap (D:5)
  An iguana (D:5)
  Terence (D:3)
  A boggart skeleton (Crypt:1)
  20 orc wizards
  Ijyb (D:5)
  A statue (D:3)
  16 gnolls
  11 adders
  A shadow imp (D:7)
  A howler monkey simulacrum (D:10)
  6 white imps
  An ufetubus (D:10)
  2 ribbon worms
  2 dart slugs (D:2)
  46 orcs
  8 ball pythons
  6 endoplasms
  4 giant cockroaches
  4 goblins
  9 hobgoblins
  6 jackals
  2 quokkas
  3 training dummies (Snake:2)
  3 bats
  3 frilled lizards
  A goblin zombie (Crypt:1)
  12 kobolds
  9 rats
  A spectral orc (D:10)
1574 creatures vanquished.

Vanquished Creatures (collateral kills)
  A yak (D:9)
1 creature vanquished.

Vanquished Creatures (others)
  A shadow dragon (Depths:3)
  A dire elephant (Vaults:2)
  A deep elf knight (Elf:2)
  A goliath frog (Swamp:2)
  A deep elf pyromancer (Elf:1)
  A will-o-the-wisp (Swamp:4)
  5 bloated husks
  A swamp worm (Swamp:4)
  4 swamp drakes
  2 orc priests
  93 foxfires
  531 fulminant prisms
642 creatures vanquished.

Grand Total: 2217 creatures vanquished

Notes
Turn   | Place    | Note
-------+----------+-------------------------------------------
     0 | D:1      | GrimJard the Draconian Conjurer began the quest for the
                  | Orb.
     0 | D:1      | Reached XP level 1. HP: 14/14 MP: 3/3
   447 | D:1      | Reached XP level 2. HP: 20/20 MP: 3/5
   450 | D:1      | Learned a level 2 spell: Searing Ray
  1482 | D:2      | Reached skill level 1 in Alchemy
  1482 | D:2      | Reached XP level 3. HP: 26/26 MP: 1/6
  1924 | D:2      | Reached XP level 4. HP: 31/33 MP: 0/8
  2536 | D:3      | Found a sparkling altar of Nemelex Xobeh.
  2621 | D:3      | Reached XP level 5. HP: 38/38 MP: 3/9
  2681 | D:3      | Found a blossoming altar of Fedhas.
  2785 | D:3      | Noticed Terence
  2785 | D:3      | You fall into a shaft and drop 3 floors!
  2789 | D:6      | Noticed Menkaure
  2794 | D:5      | Entered Level 5 of the Dungeon
  2794 | D:5      | Noticed a water moccasin
  2801 | D:5      | Killed a water moccasin
  2915 | D:5      | Noticed Ijyb
  2933 | D:5      | Killed Ijyb
  2934 | D:5      | Reached XP level 6. HP: 41/45 MP: 1/11
  3052 | D:5      | Found the +0 toga "Victory" {*Victory Clar}
  3179 | D:5      | Noticed an ice beast
  3216 | D:5      | Killed an ice beast
  3217 | D:5      | Reached skill level 5 in Conjurations
  3702 | D:3      | Killed Terence
  3832 | D:3      | Your scales start taking on a dull iron-grey colour.
  3832 | D:3      | Reached XP level 7. HP: 50/50 MP: 6/13
  4009 | D:3      | Found a radiant altar of Vehumet.
  4029 | D:3      | Became a worshipper of Vehumet
  4633 | D:4      | Found Xunour's Magic Scroll Boutique.
  4660 | D:4      | Bought a scroll of enchant weapon for 75 gold pieces
  4660 | D:4      | Bought a scroll of teleportation for 30 gold pieces
  4660 | D:4      | Bought a scroll of enchant armour for 75 gold pieces
  4660 | D:4      | Bought a scroll of identify for 20 gold pieces
  4785 | D:4      | Identified 2 scrolls of acquirement
  4785 | D:4      | Acquired a staff of fire
  4786 | D:4      | Acquired the ring of Zulayq {Wiz +Blink rPois rF+ rC+}
  4816 | D:4      | Found an iron altar of Okawaru.
  5534 | D:5      | Learned a level 4 spell: Fulminant Prism
  5750 | D:6      | Killed Menkaure
  5751 | D:6      | Reached skill level 1 in Fighting
  5751 | D:6      | Reached skill level 1 in Earth Magic
  5751 | D:6      | Reached skill level 1 in Evocations
  6264 | D:6      | Identified the +1 glaive "Irirut" {flame, rElec rF- Str+2
                  | Int+3}
  6297 | D:6      | Reached skill level 2 in Earth Magic
  6297 | D:6      | Reached XP level 8. HP: 61/61 MP: 8/15
  6302 | D:6      | Learned a level 4 spell: Iskenderun's Mystic Blast
  6306 | D:6      | Learned a level 3 spell: Passwall
  6308 | D:6      | Learned a level 1 spell: Apportation
  7017 | D:6      | Found a runed translucent door.
  7018 | D:6      | Noticed Crazy Yiuf
  7122 | D:6      | Reached skill level 5 in Spellcasting
  7563 | D:6      | Killed Crazy Yiuf
  7591 | D:6      | Identified the +1 hammer of Tesiregin {flame, rElec rCorr
                  | Int+4}
  7623 | D:7      | Upgraded the game from 0.32-a0-871-ge202e49faa to
                  | 0.32-a0-872-g59262bdc9b
  7700 | D:7      | Noticed Maggie
  7706 | D:7      | Learned a level 2 spell: Ensorcelled Hibernation
  7719 | D:7      | Killed Maggie
  7720 | D:7      | Reached skill level 3 in Earth Magic
  7817 | D:7      | Found a staircase to the Ecumenical Temple.
  7842 | Temple   | Entered the Ecumenical Temple
  7950 | D:7      | Reached * piety under Vehumet
  7950 | D:7      | Offered knowledge of Freeze by Vehumet.
  8063 | D:7      | Reached XP level 9. HP: 70/70 MP: 10/17
  8123 | D:7      | Found a burning altar of Makhleb.
  8129 | D:7      | Noticed Joseph
  8154 | D:7      | Killed Joseph
  8155 | D:7      | Reached skill level 4 in Earth Magic
  8456 | D:7      | Noticed Maurice
  8473 | D:7      | Killed Maurice
  8474 | D:7      | Reached skill level 5 in Stealth
  8878 | D:7      | Reached skill level 5 in Dodging
  9545 | D:8      | Found a one-way gate to the infinite horrors of the Abyss.
  9545 | D:8      | Noticed MagicSucks's ghost (novice NaRe)
  9546 | D:8      | Noticed a toenail golem
  9549 | D:8      | Found a transporter.
  9549 | D:8      | Noticed a toenail golem
  9565 | D:8      | Found a transporter.
  9592 | D:8      | Reached skill level 1 in Translocations
  9632 | D:8      | Noticed a two-headed ogre
  9660 | D:8      | Killed a two-headed ogre
  9661 | D:8      | Reached XP level 10. HP: 60/80 MP: 1/20
 10293 | D:8      | Offered knowledge of Sandblast by Vehumet.
 10638 | D:9      | Reached ** piety under Vehumet
 10640 | D:9      | Reached skill level 5 in Fighting
 10960 | D:9      | Found a staircase to the Lair.
 10977 | Lair:1   | Entered Level 1 of the Lair of Beasts
 11123 | Lair:1   | Noticed a cane toad
 11138 | Lair:1   | Killed a cane toad
 11354 | Lair:1   | Noticed a cane toad
 11363 | Lair:1   | Killed a cane toad
 11938 | Lair:1   | Noticed Erica
 12009 | Lair:1   | Killed Erica
 12010 | Lair:1   | Reached skill level 1 in Shields
 12010 | Lair:1   | Reached skill level 5 in Evocations
 12361 | Lair:1   | Noticed a black mamba
 12368 | Lair:1   | Killed a black mamba
 12381 | Lair:1   | Reached XP level 11. HP: 60/89 MP: 4/22
 13142 | Lair:2   | Found a staircase to the Snake Pit.
 13212 | Lair:2   | Noticed a skyshark
 13236 | Lair:2   | Killed a skyshark
 13450 | Lair:2   | Reached skill level 5 in Alchemy
 13462 | Lair:2   | Offered knowledge of Stone Arrow by Vehumet.
 13600 | Lair:2   | Learned a level 3 spell: Stone Arrow
 14124 | Lair:2   | Noticed a spriggan druid
 14671 | Lair:2   | Reached *** piety under Vehumet
 14687 | Lair:2   | Reached skill level 5 in Earth Magic
 14960 | Lair:2   | Killed a spriggan druid
 14970 | Lair:2   | Noticed a spriggan druid
 14978 | Lair:2   | Killed a spriggan druid
 15098 | Lair:2   | Found a staircase to the Swamp.
 15331 | Lair:3   | Reached XP level 12. HP: 65/100 MP: 17/24
 16011 | Lair:3   | Noticed Rupert
 16137 | Lair:3   | Offered knowledge of Sticky Flame by Vehumet.
 16138 | Lair:3   | Reached skill level 5 in Translocations
 16304 | Lair:3   | Paralysed by Rupert for 4 turns
 16309 | Lair:3   | Paralysed by Rupert for 4 turns
 16321 | Lair:3   | Paralysed by Rupert for 5 turns
 16345 | Lair:3   | Killed Rupert
 16518 | Lair:3   | Reached skill level 6 in Earth Magic
 17987 | Lair:4   | Reached **** piety under Vehumet
 18197 | Lair:4   | Noticed Urug
 18221 | Lair:4   | Killed Urug
 18800 | Lair:5   | Entered Level 5 of the Lair of Beasts
 18882 | Lair:5   | Noticed a boulder beetle
 19051 | Lair:4   | Reached XP level 13. HP: 107/107 MP: 23/26
 19199 | Lair:4   | Offered knowledge of Irradiate by Vehumet.
 19221 | Lair:4   | Reached skill level 5 in Shields
 19385 | Lair:4   | Learned a level 5 spell: Irradiate
 19652 | Lair:5   | Reached skill level 10 in Spellcasting
 19736 | Lair:5   | Found a staircase to the Slime Pits.
 19737 | Lair:5   | Found a viscous altar of Jiyva.
 19780 | Lair:5   | Reached skill level 7 in Earth Magic
 20839 | Lair:5   | Reached ***** piety under Vehumet
 20868 | Lair:5   | Offered knowledge of Yara's Violent Unravelling by Vehumet.
 22246 | Lair:5   | Identified the +4 broad axe of Mayhem {heavy, rPois rC+
                  | Stlth+}
 22702 | Lair:5   | Learned a level 5 spell: Yara's Violent Unravelling
 22711 | Lair:5   | Found a corrupted altar of Lugonu.
 23205 | D:9      | Found a white marble altar of Elyvilon.
 23638 | D:9      | Found a sacrificial altar of Ru.
 23888 | D:9      | Reached XP level 14. HP: 113/116 MP: 27/28
 24118 | D:10     | Entered Level 10 of the Dungeon
 24211 | D:10     | Found a staircase to the Orcish Mines.
 24233 | Orc:1    | Entered Level 1 of the Orcish Mines
 24333 | Orc:1    | Gained mutation: Your magical capacity is low. (-10% MP) [a
                  | neqoxec]
 24334 | Orc:1    | Offered knowledge of Freezing Cloud by Vehumet.
 24509 | D:10     | Noticed Fannar
 25331 | D:10     | Found Lixzekut's Book Shoppe.
 25339 | D:10     | Bought a Young Poisoner's Handbook for 280 gold pieces
 25339 | D:10     | Bought a book of Storms for 364 gold pieces
 25635 | D:10     | Found a portal to a secret trove of treasure.
 26083 | D:10     | Killed Fannar
 26099 | D:10     | Found a hazy altar of Hepliaklqana.
 26131 | D:10     | Found a glowing golden altar of the Shining One.
 26169 | D:10     | Noticed Sonja
 26183 | D:10     | Killed Sonja
 26247 | D:10     | Learned a level 2 spell: Mercury Vapours
 26675 | Orc:1    | Reached skill level 1 in Air Magic
 27054 | Orc:1    | Found Ziddife's Book Shoppe.
 27164 | Orc:2    | Entered Level 2 of the Orcish Mines
 27164 | Orc:2    | Found a staircase to the Elven Halls.
 27342 | Orc:2    | Found Oteurina's Armour Boutique.
 27344 | Orc:2    | Paralysed by an orc sorcerer for 3 turns
 27393 | Orc:2    | Paralysed by an orc sorcerer for 2 turns
 27460 | Orc:2    | Paralysed by an orc sorcerer for 4 turns
 28309 | Orc:2    | Paralysed by an orc sorcerer for 3 turns
 28903 | Orc:2    | Offered knowledge of Bombard by Vehumet.
 28957 | Orc:2    | Paralysed by an orc sorcerer for 3 turns
 29635 | Orc:2    | Noticed an orc warlord
 29674 | Orc:2    | Killed an orc warlord
 29828 | Orc:2    | Found Wyla's General Store.
 29833 | Orc:2    | Found Duikkathrext's Book Shoppe.
 29837 | Orc:2    | Bought a wand of charming (2) for 52 gold pieces
 29837 | Orc:2    | Bought a scroll of identify for 22 gold pieces
 29840 | Orc:2    | Found Syirug's Antique Armour Shoppe.
 29848 | Orc:2    | Bought a jewelled scarf for 320 gold pieces
 29848 | Orc:2    | Identified the scarf "Awasoa" {shadows, rC- rN+ Int+5} (You
                  | bought it in a shop on level 2 of the Orcish Mines)
 29851 | Orc:2    | Bought the +3 pair of boots of Magic {rPois Will- Regen+
                  | Slay+3} for 508 gold pieces
 30267 | D:11     | Reached XP level 15. HP: 126/126 MP: 28/28
 30274 | D:11     | Learned a level 6 spell: Bombard
 30348 | D:11     | Reached skill level 8 in Earth Magic
 31310 | D:12     | Found the +7 Kryia's mail coat {PotionHeal*2 rC+}
 31681 | D:12     | Found Lez Vicw's Demolitions Depot.
 31681 | D:12     | Noticed Frances
 31696 | D:12     | Killed Frances
 32208 | D:12     | Found Onwur's Jewellery Shop.
 32403 | D:12     | Found Sohifees's Armour Boutique.
 32407 | D:12     | Bought a +1 pair of gloves for 161 gold pieces
 32420 | D:12     | Got the Secrets of Noxious Desecration
 32796 | D:13     | Reached skill level 10 in Fighting
 33223 | D:13     | Found a gate to the Vaults.
 33227 | D:13     | Offered knowledge of Lee's Rapid Deconstruction by Vehumet.
 33720 | D:13     | Lost mutation: Your magical capacity is low. (-10% MP)
                  | [potion of mutation]
 33720 | D:13     | Gained mutation: You have an increased reservoir of magic.
                  | (+10% MP) [potion of mutation]
 34015 | D:14     | Acquired the amulet of Kindness {rPois rN+ Regen+ Str+3
                  | Int+2}
 34403 | D:14     | Noticed Agnes
 34408 | D:14     | Killed Agnes
 34816 | D:14     | Learned a level 5 spell: Lee's Rapid Deconstruction
 35185 | D:15     | Entered Level 15 of the Dungeon
 36368 | D:15     | Found a staircase to the Depths.
 36631 | D:15     | Offered knowledge of Starburst by Vehumet.
 36656 | D:15     | Reached XP level 16. HP: 125/135 MP: 22/37
 37150 | Snake:1  | Entered Level 1 of the Snake Pit
 37150 | Snake:1  | Identified the serpent talisman of the Endless Expanse {Fly
                  | MP-9 Int+4}
 37150 | Snake:1  | Noticed Aizul
 37165 | Snake:1  | Killed Aizul
 37348 | Snake:1  | Reached skill level 10 in Stealth
 37880 | Snake:1  | Reached skill level 9 in Earth Magic
 38707 | Snake:2  | Noticed Louise
 38806 | Snake:2  | Found Zieqychish's Firing Range.
 39919 | Snake:2  | Killed Louise
 39919 | Snake:2  | Offered knowledge of Orb of Destruction by Vehumet.
 41478 | Snake:3  | Found a runed translucent gate.
 41478 | Snake:3  | Found a runed translucent gate.
 41478 | Snake:3  | Found a runed translucent gate.
 41478 | Snake:3  | Found an opulent altar of Gozag.
 41521 | Snake:3  | Noticed Poiheutza's ghost (adept CoHu)
 42091 | D:12     | Bought a book of Annihilations for 840 gold pieces
 42580 | Snake:3  | Noticed Roxanne
 42658 | Snake:3  | Killed Roxanne
 43060 | Snake:3  | Reached skill level 10 in Dodging
 43060 | Snake:3  | Reached skill level 10 in Earth Magic
 43060 | Snake:3  | Reached XP level 17. HP: 144/144 MP: 29/39
 43317 | Snake:4  | Entered Level 4 of the Snake Pit
 43385 | Snake:4  | Found Rinaakawn's Retail Resort.
 43524 | Snake:4  | Found Guggei's Antique Weapon Shop.
 43871 | Snake:4  | HP: 7/144 [poisoned by a naga (splash of poison)]
 43876 | Snake:3  | HP: 7/144 [poisoned by a naga (splash of poison)]
 44201 | Snake:4  | Reached skill level 15 in Spellcasting
 45006 | Snake:4  | Got a serpentine rune of Zot
 45163 | Swamp:1  | Entered Level 1 of the Swamp
 45221 | Swamp:1  | Noticed Nikola
 45236 | Swamp:1  | Killed Nikola
 45780 | Swamp:1  | Reached skill level 11 in Earth Magic
 48410 | Swamp:2  | Learned a level 4 spell: Airstrike
 48948 | Swamp:3  | Reached skill level 12 in Earth Magic
 49227 | Swamp:3  | Reached skill level 10 in Shields
 49378 | Swamp:3  | Reached XP level 18. HP: 139/154 MP: 23/41
 49618 | Swamp:4  | Entered Level 4 of the Swamp
 49633 | Swamp:4  | Reached ****** piety under Vehumet
 50844 | Swamp:4  | Offered knowledge of Lehudib's Crystal Spear by Vehumet.
 51428 | Swamp:4  | Reached skill level 13 in Earth Magic
 51699 | Swamp:4  | Identified the +7 long sword of Turmoil {freeze, rElec rF-
                  | Dex+2}
 52046 | Swamp:4  | Got a decaying rune of Zot
 52453 | Vaults:1 | Entered Level 1 of the Vaults
 52668 | Vaults:1 | Upgraded the game from 0.32-a0-872-g59262bdc9b to
                  | 0.32-a0-876-gcfddb08e57
 53777 | Orc:2    | Bought a scroll of amnesia for 44 gold pieces
 53787 | Orc:2    | Learned a level 8 spell: Lehudib's Crystal Spear
 54273 | Vaults:1 | Found Yhul Suts's Armour Shoppe.
 54611 | Vaults:1 | Got the Secrets of the Cumulonimbus
 54614 | Vaults:1 | Got Xeumoobi's Handbook of Hail
 55064 | Vaults:2 | Found a runed translucent door.
 55064 | Vaults:2 | Noticed Turgor's ghost (adept DsFE)
 55111 | Vaults:2 | Offered knowledge of Polar Vortex by Vehumet.
 55111 | Vaults:2 | Offered knowledge of Ignition by Vehumet.
 55863 | Vaults:1 | Reached skill level 14 in Earth Magic
 56999 | Vaults:2 | Reached skill level 10 in Conjurations
 57365 | Vaults:2 | Found a staircase to the Crypt.
 57633 | Vaults:2 | Reached XP level 19. HP: 89/163 MP: 2/42
 57806 | Vaults:2 | Identified the +1 arbalest of Ocuwnus {drain, Will+ Str+5}
 58919 | Vaults:2 | Identified the +3 chain mail "Qinn" {Stlth+}
 59463 | Vaults:2 | Gained mutation: Your spells are a little easier to cast,
                  | but a little less powerful. [mutagenic glow]
 59468 | Vaults:2 | Killed Turgor's ghost
 59647 | Vaults:3 | Found Tyx Qup's Armour Emporium.
 60126 | Vaults:3 | Reached skill level 15 in Earth Magic
 61850 | Vaults:3 | Identified the +0 robe of Womux {MP-9 Slay+4 SInv Stlth+}
 61949 | Vaults:3 | Identified the +0 hat of Hide-and-Seek {+Blink rElec rN+}
 61972 | Vaults:3 | Found a radiant altar of Vehumet.
 62137 | Vaults:2 | Learned a level 5 spell: Iskenderun's Battlesphere
 62640 | Vaults:3 | Identified the +1 robe of Onwukiva {Int+3}
 62846 | Vaults:4 | Noticed a golden dragon
 62952 | Vaults:4 | Killed a golden dragon
 63559 | Vaults:4 | Noticed Sojobo
 63568 | Vaults:4 | Killed Sojobo
 63932 | Vaults:4 | Identified the +7 whip of the Chewing Enemy {antimagic,
                  | Str+3 Int+4}
 63942 | Vaults:4 | Reached XP level 20. HP: 150/174 MP: 44/44
 63958 | Vaults:4 | Reached skill level 16 in Earth Magic
 64939 | Elf:1    | Entered Level 1 of the Elven Halls
 65064 | Elf:1    | Found a runed translucent gate.
 65065 | Elf:1    | Found a runed translucent gate.
 65084 | Elf:1    | Noticed Twiddyhohoho's ghost (veteran KoBr)
 65237 | Elf:1    | Found a runed translucent gate.
 65371 | Elf:1    | Found a radiant altar of Vehumet.
 65434 | Elf:1    | Paralysed by an air elemental for 1 turns
 66849 | Elf:2    | Found Inaod's Antique Armour Emporium.
 66875 | Elf:2    | Found Astrinecw's Antique Armour Shoppe.
 66876 | Elf:2    | Found Gucugeut's Assorted Antiques.
 66877 | Elf:2    | Found Patiu's Assorted Antiques.
 66877 | Elf:2    | Found Tofuf's Armour Emporium.
 66882 | Elf:2    | Bought a potion of magic for 224 gold pieces
 66882 | Elf:2    | Bought a potion of ambrosia for 224 gold pieces
 66882 | Elf:2    | Bought a scroll of enchant weapon for 210 gold pieces
 66882 | Elf:2    | Bought a scroll of enchant armour for 210 gold pieces
 66905 | Elf:2    | Bought a pair of brightly glowing gloves for 370 gold
                  | pieces
 66905 | Elf:2    | Identified the +1 pair of gloves of Fobah {rN+ Will+ Dex+2}
                  | (You bought it in a shop on level 2 of the Elven Halls)
 67220 | Elf:2    | Found a runed translucent gate.
 67221 | Elf:2    | Found a runed translucent gate.
 67221 | Elf:2    | Found a runed translucent gate.
 67391 | Elf:2    | Found Byest's Assorted Antiques.
 67412 | Elf:2    | Bought a wand of flame (1) for 24 gold pieces
 67412 | Elf:2    | Bought a scroll of fear for 140 gold pieces
 67412 | Elf:2    | Bought a potion of curing for 105 gold pieces
 68004 | Elf:2    | Reached skill level 17 in Earth Magic
 68749 | Elf:3    | Entered Level 3 of the Elven Halls
 69872 | Elf:3    | Identified the ring of the Invisible Ears {EV+5 Str+4
                  | Stlth+}
 69876 | Elf:3    | Identified the +0 robe of Fun and Games {^Contam rF+ rC+}
 69876 | Elf:3    | Identified the ring "Qoyducir" {Fly rN++}
 69887 | Elf:3    | Identified the +0 plate armour "Uturud" {rF++}
 69938 | Elf:3    | Reached skill level 15 in Fighting
 70481 | Elf:3    | Reached XP level 21. HP: 184/184 MP: 47/47
 70499 | Elf:3    | Identified the +5 plate armour of the Vestibule of Hell
                  | {rF- rN+ Int+3 Stlth+}
 70920 | Elf:3    | Got the Omnibus of Assembling
 70922 | Elf:3    | Identified the +1 cloak of the Sacrificial Victim {rElec
                  | Dex+4}
 70942 | Elf:3    | Got Lauvuem's Folio of Fire and the Vector
 70949 | Elf:3    | Acquired a manual of Fighting
 70951 | Elf:3    | Identified the staff of Xoiheosche {rElec rPois Str+2 Air}
 71204 | Elf:3    | Identified the +9 shortbow "Meawunki" {antimagic, rCorr
                  | Dex+2 Stlth+}
 71954 | Depths:1 | Entered Level 1 of the Depths
 72301 | Depths:1 | Reached skill level 18 in Earth Magic
 73328 | Depths:1 | Found a gateway to Hell.
 74776 | Depths:2 | Found a one-way gate leading to the halls of Pandemonium.
 75480 | Depths:2 | Noticed Saint Roka
 75497 | Depths:2 | Killed Saint Roka
 76747 | Depths:3 | Noticed a caustic shrike
 76835 | Depths:3 | Killed a caustic shrike
 76840 | Depths:3 | Reached skill level 19 in Earth Magic
 77182 | Depths:3 | Found a corrupted altar of Lugonu.
 77272 | Depths:3 | Noticed a golden dragon
 77289 | Depths:3 | Killed a golden dragon
 77598 | Depths:3 | Reached XP level 22. HP: 198/198 MP: 6/49
 77801 | Depths:3 | Found the +6 lightning scales {swift, rElec}
 78203 | Depths:3 | Paralysed by something for 3 turns
 78318 | Depths:3 | Found a glowing golden altar of the Shining One.
 78539 | Depths:4 | Entered Level 4 of the Depths
 79213 | Depths:4 | Reached skill level 15 in Stealth
 79457 | Depths:4 | Found Ketiofiudgh's Assorted Antiques.
 79460 | Depths:4 | Bought a scroll of fear for 156 gold pieces
 79460 | Depths:4 | Bought a potion of curing for 117 gold pieces
 79460 | Depths:4 | Bought a potion of curing for 117 gold pieces
 79460 | Depths:4 | Bought a potion of invisibility for 312 gold pieces
 79858 | Depths:4 | Reached skill level 20 in Earth Magic
 80145 | Depths:4 | Learned a level 9 spell: Shatter
 80152 | Depths:4 | Found a gate to the Realm of Zot.
 80366 | Depths:4 | Found a one-way gateway to a ziggurat.
 80454 | Depths:4 | Found a faded altar of an unknown god.
 80821 | D:8      | Killed MagicSucks's ghost
 81124 | Elf:1    | Killed Twiddyhohoho's ghost
 81380 | Snake:3  | Killed Poiheutza's ghost
 81800 | Crypt:1  | Entered Level 1 of the Crypt
 81866 | Crypt:1  | Identified the orb of Entitlement {*channel, Rampage Str-5
                  | Dex+7 Hexes Alchemy}
 81866 | Crypt:1  | Noticed Frederick
 81875 | Crypt:1  | Killed Frederick
 82088 | Crypt:1  | Found a basalt altar of Yredelemnul.
 82319 | Crypt:1  | Found a runed translucent gate.
 82320 | Crypt:1  | Found a runed translucent gate.
 82323 | Crypt:1  | Found a runed translucent gate.
 82323 | Crypt:1  | Noticed Nofozin's ghost (veteran FoFi)
 82415 | Crypt:1  | Noticed Zenata
 82438 | Crypt:1  | HP: 8/201 [+6 trident of venom[Zenata] (6)]
 82803 | Crypt:1  | Identified the ring "Beilamuo" {Ice Int+3}
 82803 | Crypt:1  | Noticed Josephina
 82809 | Crypt:1  | Killed Josephina
 82888 | Crypt:1  | HP: 10/202 [+3 halberd of venom[Zenata] (18)]
 82888 | Crypt:1  | HP: 1/202 [+1 hand axe of freezing[Zenata] (9)]
 82889 | Crypt:1  | Slain by a +3 halberd of venom

Illustrated notes

Levels and vault maps discovered:
D:1:      onia_arrival_handbag, layout_basic
D:2:      layout_rooms, st_stairs_7
D:3:      layout_loops_cross, mainiacjoe_overflow_chevrons, vehumet_statue,
          lemuel_doored_altar, st_stairs_12, small_statue_intersection,
          uniq_terence
D:4:      layout_loops_corners, mainiacjoe_overflow_boulevard, serial_shops,
          shop_scrolls
D:5:      layout_basic, dk_noncrumbling_3, hangedman_decor_diamond_cutter,
          minmay_door_square, uniq_ijyb
D:6:      layout_basic, gup_sewer_entry_glass, uniq_menkaure,
          uniq_crazy_yiuf_cottage
D:7:      layout_basic, kennysheep_mini_moat, minmay_temple_entry_tees,
          uniq_maurice, uniq_maggie, uniq_joseph
D:8:      layout_basic, gammafunk_ghost_abyssal_escape
D:9:      layout_cave_pods, nicolae_ru_path_of_blood, general_overflow_altar,
          erik_lair_island, kennysheep_generic_room_3
D:10:     layout_basic, mainiacjoe_overflow_paths,
          nicolae_hepliaklqana_monster_ancestors, david_orc_2, serial_ice,
          serial_ice_b, serial_ice_j, serial_ice_n, serial_ice_f, serial_ice_h,
          serial_ice_e, serial_ice_a, serial_ice_c, serial_ice_g, serial_ice_d,
          serial_shops, nicolae_shop_peninsula, enter_trove_2, uniq_fannar,
          uniq_sonja
D:11:     layout_basic, kennysheep_flooded_box
D:12:     layout_roguey, serial_shops, nicolae_shop_real_fake_doors, shop,
          nicolae_blasting_shop, dk_noncrumbling_2, uniq_frances
D:13:     layout_loops_ring, erik_vaults_1
D:14:     layout_loops_ring, grunt_ministairs_8, uniq_agnes
D:15:     regret_index_pyroclastic, layout_small_grid, nrook_uturn
Temple:   nicolae_temple_figure_eight
Lair:1:   layout_concentric_octagons, serial_forest, infiniplex_forest_end_1,
          infiniplex_forest_straight_3, infiniplex_forest_clump_double,
          infiniplex_forest_lined_4_way, infiniplex_forest_zigzag_1,
          infiniplex_forest_fountain, beast_lair_carwin_7, uniq_erica
Lair:2:   layout_cave_pods, mainiacjoe_swamp_entry_angry_trees,
          guppyfry_snake_entry_island
Lair:3:   layout_cellular_growth, serial_bayou_shore_b, uniq_rupert
Lair:4:   layout_long_grid, lemuel_fruit_tree, uniq_urug
Lair:5:   hellmonk_lair_end_abyssal_woods, layout_regular_city, slime_entry_1,
          lemuel_old_faithful
Swamp:1:  layout_basic_swamp, nicolae_swamp_small_spring, swamp_pool_1_2,
          uniq_nikola
Swamp:2:  nzn_winding_woodlands_small [nzn_winding_woodlands_5x15_twine,
          nzn_winding_woodlands_center_garden,
          nzn_winding_woodlands_5x15_pockets], layout_falls_marsh,
          evilmike_swamp_ruin_rubble_2, swamp_pool_1_2
Swamp:3:  layout_falls_marsh, evilmike_swamp_ruin_wall, swamp_pool_1_2,
          nicolae_swamp_dense_foliage
Swamp:4:  swamp_fiery, layout_basic_swamp
Snake:1:  layout_gridlike, drop_trap, nrook_guardian_serpent_double, uniq_aizul
Snake:2:  layout_chambers, nicolae_snake_linked_coils, grunt_ministairs_5,
          nicolae_shop_firing_range, uniq_louise
Snake:3:  layout_misc_corridors, ebering_ghost_gozag, uniq_roxanne
Snake:4:  johnstein_snake_rune_scales, layout_misc_corridors, serial_shops,
          nicolae_shop_tiny_real_fake_doors, nicolae_alphabet_shops
Orc:1:    layout_caves, serial_shops, nicolae_shop_back_alley_shop
Orc:2:    st_orc_elflike, layout_caves, gauntlet_entry_generic,
          nicolae_orc_flooded_monolith, elf_legates
Elf:1:    elf_arrival_001, layout_rooms, basic_altar, ebering_ghost_rock_garden,
          nicolae_elf_blasts_and_bolts, st_stairs_3
Elf:2:    nicolae_elf_blades_crystal_corner, layout_geoelf_grid, serial_shops,
          shop, nicolae_wooded_promenade, moated_statue,
          serial_library_regret_index_small_wings
Elf:3:    minmay_elf_hall_curves, layout_loops_cross, grunt_megastairs_1
Vaults:1: nicolae_vaults_library_corner, nicolae_vaults_house_3,
          ontoclasm_vaults_loading_screen, vaults_dpeg_diagonal,
          nicolae_vaults_swerve, hangedman_vaults_restitches,
          grunt_vaults_bifocal, vaults_room_pool, nicolae_vaults_tetromino_L_2,
          nicolae_vaults_rhombus_5, vaults_room_stairs_pillars,
          layout_vaults_ring, serial_shops, nicolae_diamond_shop
Vaults:2: ebering_ghost_inner_flame, minmay_crypt_entry_simple_corners,
          nicolae_vaults_ring_of_whatevers, hangedman_vaults_nails,
          ontoclasm_vaults_eye, nicolae_vaults_windows_and_doors_thing,
          minmay_orc_keep, nicolae_vaults_trapezoid_2,
          nicolae_vaults_sightless_eye, nicolae_vaults_little_squares_5,
          nicolae_vaults_yaktaur_gun_rack, nicolae_vaults_house_1,
          vaults_dpeg_hooks, layout_vaults_omnigrid
Vaults:3: nicolae_vaults_offset_grid_hallway_1, nicolae_vaults_sesquioval_fish,
          nicolae_vaults_little_squares_2, vaults_room_ringed_pool,
          nicolae_vaults_network_square, grunt_tower_of_power,
          grunt_vaults_trifunnel, vaults_mumra_chevron,
          ontoclasm_vaults_ligature, nicolae_vaults_offset_grid_hallway_2,
          hangedman_vaults_stitches, nicolae_vaults_closet_pinwheel_5,
          nicolae_vaults_six-pack, vaults_dpeg_ring, vaults_room_grid,
          layout_vaults_maze, serial_shops, nicolae_shop_hallway_stairs
Vaults:4: vaults_room_pool, nicolae_vaults_circle_grid_a, st_hourglassy,
          nicolae_vaults_diagonal_hallway_8, nicolae_vaults_gold_heap,
          v_misc_18, nicolae_vaults_weapon_check, nicolae_vaults_diamond_1,
          ontoclasm_vaults_decontamination, layout_vaults_chaotic_city,
          uniq_sojobo, uniq_margery
Crypt:1:  layout_regular_city, gammafunk_ghost_necromancy, basic_altar,
          grunt_megastairs_3, uniq_josephina, uniq_frederick, uniq_zenata
Depths:1: layout_long_grid, hangedman_abyss_entry_splay, hell_entry,
          grunt_ministairs_15, st_stairs_3, kennysheep_generic_room_16
Depths:2: nooodl_glass_maze, layout_honeycomb, chequers_serial_rivers_small_3,
          rand_demon_pan_entry_3, pf_hell_entry_great_geh,
          infiniplex_staircase_door_maze, uniq_saint_roka
Depths:3: minmay_concentric_multi, layout_gridlike, abyss_entry_flame_altar,
          hell_entry, nicolae_tso_swordbearing_angel,
          infiniplex_staircase_pool_2
Depths:4: grunt_zot_entry_bicorn, layout_cave_pools, enter_ziggurat_c,
          wad_floor_pattern_2, hell_entry, serial_column_ruins,
          column_ruins_temple_hut, column_ruins_square_medium,
          column_ruins_columns_straight, column_ruins_open_tiny,
          column_ruins_open_small, serial_shops, nicolae_shop_window_shopping,
          chequers_serial_rivers_room_b

Skill      XL: |  1  2  3  4  5  6  7  8  9 10 11 12 13 14 15 16 17 18 19 20 21 22 |
---------------+-------------------------------------------------------------------+-----
Stealth        | 2 3 4 5 6 7 8 9 10 11 12 13 14 15 | 15.4
Dodging        | 2 3 4 5 6 7 8 9 10 11 12 13 14 | 14.5
Alchemy        | 1 2 3 4 5 6 7 8 9 |  9.0
Spellcasting   | 3 4 5 6 7 8 9 10 12 14 15 16 17 18 19 | 19.4
Conjurations   | 5 6 7 8 9 10 11 | 11.7
Fighting       | 1 3 4 6 7 8 9 10 11 12 13 14 15 16 18 | 18.3
Earth Magic    | 2 3 4 5 6 7 8 10 12 14 15 17 19 20 | 20.4
Evocations     | 1 3 4 5 6 7 8 9 |  9.8
Translocations | 1 3 4 5 6 7 |  7.1
Shields        | 1 3 4 5 6 7 8 10 | 10.0
Air Magic      | 2 |  2.3

Action                     |  1- 3 |  4- 6 |  7- 9 | 10-12 | 13-15 | 16-18 | 19-21 | 22-24 || total
---------------------------+-------+-------+-------+-------+-------+-------+-------+-------++-------
  Melee: Unarmed           |     8 |       |       |       |       |       |       |       ||     8
         Dagger            |    17 |     9 |     6 |   172 |    76 |   278 |   246 |    99 ||   903
         Tailslap          |     1 |       |       |    58 |    19 |    88 |    56 |    16 ||   238
         Staff             |       |       |       |       |    16 |     9 |     3 |     1 ||    29
  Throw: Dart              |       |       |       |       |    14 |     1 |     2 |     2 ||    19
         Javelin           |       |       |       |       |       |     1 |     4 |       ||     5
         Throwing net      |       |       |       |       |       |     1 |     5 |       ||     6
   Cast: Magic Dart        |    55 |    55 |   140 |   205 |   336 |   242 |     3 |       ||  1036
         Searing Ray       |     6 |    15 |    41 |    95 |   196 |   175 |       |       ||   528
         Fulminant Prism   |       |       |    10 |    64 |   127 |   236 |    68 |    26 ||   531
         Iskenderun's Myst |       |       |     3 |    84 |   279 |   359 |   160 |    78 ||   963
         Stone Arrow       |       |       |       |    29 |    25 |       |       |       ||    54
         Irradiate         |       |       |       |       |    11 |     9 |     1 |       ||    21
         Yara's Violent Un |       |       |       |       |    11 |     3 |    11 |       ||    25
         Mercury Vapours   |       |       |       |       |     4 |     1 |     5 |       ||    10
         Bombard           |       |       |       |       |     7 |    29 |    95 |    19 ||   150
         Lee's Rapid Decon |       |       |       |       |     3 |   103 |   608 |   158 ||   872
         Airstrike         |       |       |       |       |       |     2 |       |       ||     2
         Lehudib's Crystal |       |       |       |       |       |     2 |    83 |    47 ||   132
         Iskenderun's Batt |       |       |       |       |       |       |     2 |     1 ||     3
         Shatter           |       |       |       |       |       |       |       |    27 ||    27
Ability: Mud Breath        |       |       |     5 |    11 |    17 |    15 |    11 |     6 ||    65
         Evoke Blink       |       |       |       |     1 |     2 |     1 |     2 |       ||     6
  Evoke: Wand              |       |       |       |     5 |    16 |     7 |     4 |     1 ||    33
    Use: Scroll            |     4 |     5 |     6 |    10 |    19 |    17 |     6 |     4 ||    71
         Potion            |       |     1 |     4 |     6 |     6 |    11 |    11 |     6 ||    45
   Stab: Sleeping          |       |       |     1 |       |     1 |     1 |     3 |       ||     6
         Distracted        |       |       |       |       |     1 |       |       |       ||     1
         Petrified         |       |       |       |       |     3 |     1 |     2 |       ||     6
         Confused          |       |       |       |       |       |     4 |     2 |     2 ||     8
         Held in net/web   |       |       |       |       |       |     2 |       |       ||     2
         Petrifying        |       |       |       |       |       |       |     1 |       ||     1
 Armour: Skin              |    19 |    16 |    53 |   272 |   404 |   778 |   601 |   252 ||  2395
  Dodge: Dodged            |    28 |    11 |    55 |   165 |   179 |   275 |   260 |    84 ||  1057
  Block: Other             |       |       |    14 |    53 |       |       |       |       ||    67
         Reflection        |       |       |     3 |     2 |    38 |       |       |       ||    43
         Kite shield       |       |       |       |   110 |   490 |   459 |   454 |   147 ||  1660
         Tower shield      |       |       |       |       |       |   109 |       |       ||   109

Table legend: (Time is in decaauts)
 A = Elapsed time spent in this place.
 B = Non-inter-level travel time spent in this place.
 C = Inter-level travel time spent in this place.
 D = Time resting spent in this place.
 E = Time spent auto-exploring this place.
 F = Levels seen in this place.
 G = Mean time per level.
                   A        B        C        D        E       F      G
               +--------+--------+--------+--------+--------+-----+--------+
         Total |  83235 |  75794 |   7441 |  27991 |  34109 |  43 | 1935.7 |
       Dungeon |  24926 |  21802 |   3124 |   5537 |  13317 |  15 | 1661.7 |
        Temple |      1 |      1 |      0 |      0 |      0 |   1 |    1.0 |
          Lair |  12486 |  11638 |    848 |   5198 |   4267 |   5 | 2497.2 |
         Swamp |   6761 |   6406 |    355 |   2447 |   2856 |   4 | 1690.2 |
     Snake Pit |   7969 |   7313 |    656 |   2836 |   3063 |   4 | 1992.2 |
  Orcish Mines |   3924 |   3427 |    497 |   1648 |    986 |   2 | 1962.0 |
   Elven Halls |   7088 |   6597 |    491 |   3011 |   2497 |   3 | 2362.7 |
        Vaults |  11976 |  11099 |    877 |   4932 |   3737 |   4 | 2994.0 |
         Crypt |    936 |    936 |      0 |    206 |    492 |   1 |  936.0 |
        Depths |   7164 |   6574 |    590 |   2173 |   2893 |   4 | 1791.0 |
               +--------+--------+--------+--------+--------+-----+--------+

Top non-repeatable levels by time:
Vaults:2: 3675 daAuts
Vaults:1: 3354 daAuts
Vaults:3: 3188 daAuts
 Snake:2: 2942 daAuts
  Lair:5: 2937 daAuts
    D:15: 2852 daAuts
  Lair:2: 2782 daAuts
   Elf:3: 2625 daAuts
   Orc:2: 2609 daAuts
    D:10: 2473 daAuts
  Lair:4: 2464 daAuts
Depths:3: 2283 daAuts
   Elf:2: 2249 daAuts
  Lair:1: 2214 daAuts
   Elf:1: 2213 daAuts
